Rangers vs Penguins
Created - 22 janvier 2015 at 23:19
Goals
|
| Rangers |
0 |
1 |
0 |
1 |
| Penguins |
1 |
0 |
2 |
3 |
|
Shots
|
| Rangers |
13 |
12 |
3 |
28 |
| Penguins |
12 |
3 |
9 |
24 |
|
1st period
1. Penguins , Darren Reid 20 (Simon Gagné, Peter Forsberg) at 19:53
Penalties :
Darren Reid (Pit) for High sticking (Minor) at 15:27
2nd period
2. Rangers , Milan Lucic 17 (Brad Richards) at 18:01
Penalties :
Ryan Whitney (NYR) for High sticking (Minor) at 9:55
3rd period
3. Penguins , Sean Zimmerman 3 (Brent Sopel) at 6:18
4. Penguins , Ryan Kesler 23 (Paul Ranger, Nathan Horton) at 15:57
Penalties :
Johan Franzen (NYR) for Delaying the game (Minor) at 0:03, Luke Schenn (Pit) for Hooking (Minor) at 7:47, Johan Franzen (NYR) for Interference (Minor) at 10:38
Goalie Stats
Hannu Toivonen (NYR), 21 saves from 24 shots - (0,875), L, 5-4-0, 60:00 minutes
Brian Elliott (Pit), 27 saves from 28 shots - (0,964), W, 25-14-3, 60:00 minutes
Players Stats for Rangers
Player Name G A P +/- PIM S H SB GA TA FO MP PP MP PK MP
------------------------------------------------------------------------------------
Alexandre Burrows 0 0 0 0 0 0 2 0 0 0 0/0 13:31 1:26 1:51
Alexei Emelin 0 0 0 -2 0 0 1 0 0 1 0/0 11:42 0:00 0:14
Brad Richards 0 1 1 1 0 2 2 2 1 0 8/21 20:45 1:26 2:21
Cam Barker 0 0 0 0 0 2 1 2 0 1 0/0 21:16 0:00 3:25
Drew Stafford 0 0 0 -2 0 1 1 1 0 1 0/2 15:44 2:22 0:00
Jakob Silfverberg 0 0 0 0 0 0 1 0 0 0 0/0 12:55 0:59 0:00
Johan Franzen 0 0 0 1 4 2 4 0 0 0 1/1 20:13 3:09 0:00
Kimmo Timonen 0 0 0 -1 0 1 0 0 0 0 0/0 23:05 0:59 0:46
Mark Fistric 0 0 0 -1 0 2 0 1 0 0 0/0 17:45 0:00 3:25
Matt Greene 0 0 0 0 0 0 1 0 0 0 0/0 16:44 0:00 2:32
Matt Read 0 0 0 -1 0 0 1 0 1 2 0/0 9:42 0:00 0:00
Mike Cammalleri 0 0 0 -2 0 3 1 0 1 0 0/0 14:21 1:26 0:03
Milan Lucic 1 0 1 1 0 7 4 0 4 0 0/0 22:39 2:22 3:00
Nathan Gerbe 0 0 0 -1 0 3 3 0 2 1 0/0 9:52 0:10 0:00
Patrice Bergeron 0 0 0 -2 0 3 0 0 1 0 14/25 18:59 2:22 3:07
Radek Bonk 0 0 0 -1 0 0 4 0 0 0 1/4 11:24 0:10 1:32
Ryan Whitney 0 0 0 0 2 1 1 0 0 0 0/0 23:28 2:59 1:32
Valtteri Filppula 0 0 0 0 0 1 1 0 0 0 0/2 9:55 0:00 0:00
Players Stats for Penguins
Player Name G A P +/- PIM S H SB GA TA FO MP PP MP PK MP
------------------------------------------------------------------------------------
Bobby Ryan 0 0 0 1 0 1 1 0 1 0 0/1 14:22 0:24 0:00
Brent Sopel 0 1 1 0 0 0 1 2 1 1 0/0 20:35 1:32 1:12
Brian McGrattan 0 0 0 0 0 0 1 0 0 0 0/0 7:55 0:00 0:00
Brooks Orpik 0 0 0 1 0 0 0 2 0 3 0/0 26:06 3:57 2:46
Darren Reid 1 0 1 0 2 3 0 2 0 0 1/1 18:39 3:13 0:00
Denis Arkhipov 0 0 0 0 0 0 1 0 1 0 1/2 8:26 0:00 0:03
Dennis Seidenberg 0 0 0 0 0 0 0 0 0 1 0/0 3:35 0:20 0:00
Dustin Penner 0 0 0 0 0 1 0 0 0 0 0/0 17:52 2:39 1:09
Jay McKee 0 0 0 1 0 1 1 0 1 1 0/0 23:22 3:57 2:46
Luke Schenn 0 0 0 1 2 0 1 0 0 1 0/0 13:07 0:00 0:00
Nathan Horton 0 1 1 1 0 1 0 1 0 0 0/0 16:47 2:39 0:00
Paul Ranger 0 1 1 1 0 1 1 0 0 0 0/0 13:19 0:28 0:00
Peter Forsberg 0 1 1 0 0 6 0 0 0 0 22/37 24:20 2:59 2:39
Ryan Kesler 1 0 1 1 0 4 1 2 1 1 1/7 19:43 2:39 2:39
Sean Zimmerman 1 0 1 0 0 2 0 1 0 1 0/0 20:12 1:40 1:12
Simon Gagné 0 1 1 0 0 3 1 0 0 0 2/3 19:14 3:03 0:54
Steve Sullivan 0 0 0 2 0 0 1 2 0 1 0/0 14:25 0:15 0:00
Steven Stamkos 0 0 0 1 0 1 2 0 1 0 4/4 14:01 0:00 0:32
3 Stars
1 - Brian Elliott (Pit)
2 - Milan Lucic (NYR)
3 - Ryan Kesler (Pit)
Power Play
Rangers - 0 on 2 Attempt(s) - 0,00%
Penguins - 0 on 3 Attempt(s) - 0,00%
Penalty Kill
Rangers - 3 on 3 Attempt(s) - 100,00%
- Score 0 goal in Penalty Kill
Penguins - 2 on 2 Attempt(s) - 100,00%
- Score 0 goal in Penalty Kill
Team Stat
Rangers - Hits : 28 - Faceoff Wins : 24 - Blocked Shots : 6 - Penalty Minutes : 6
Penguins - Hits : 12 - Faceoff Wins : 31 - Blocked Shots : 12 - Penalty Minutes : 4
Official
Referees : LaRue Dennis and Walsh Ian
Linesman : Pierre Champoux and Vaughan Rody
Game Notes
No Game Note
Finance
Level 1 -- Attendance: 5501 (91,68%) -- Ticket Income 434 579 $
Level 2 -- Attendance: 5000 (100,00%) -- Ticket Income 225 000 $
Level 3 -- Attendance: 1774 (88,70%) -- Ticket Income 54 994 $
Level 4 -- Attendance: 3704 (92,60%) -- Ticket Income 59 264 $
Luxury Box -- Attendance: 1000 (100,00%) -- Ticket Income 167 000 $
Game was played at the Igloo'
Total Attendance: 16979 (94,33%)
Total Ticket Income: 940 837 $
Other Income: 141 126 $
Total Income: 1 081 963 $
Rangers
5 vs 5 Forward
Center Left Wing Right Wing Time % Phy DF OF
1 Brad Richards Milan Lucic Johan Franzen 40 1 2 2
2 Patrice Bergeron Mike Cammalleri Drew Stafford 30 1 2 2
3 Valtteri Filppula Alexandre Burrows Jakob Silfverberg 20 1 2 2
4 Radek Bonk Nathan Gerbe Matt Read 10 1 2 2
5 vs 5 Defense
Defense Defense Time % Phy DF OF
1 Ryan Whitney Kimmo Timonen 40 1 2 2
2 Cam Barker Matt Greene 30 1 2 2
3 Alexei Emelin Mark Fistric 20 1 2 2
4 Cam Barker Mark Fistric 10 1 2 2
PowerPlay Forward
Center Left Wing Right Wing Time % Phy DF OF
1 Patrice Bergeron Milan Lucic Drew Stafford 60 1 2 2
2 Brad Richards Mike Cammalleri Alexandre Burrows 40 1 2 2
PowerPlay Defense
Defense Defense Time % Phy DF OF
1 Johan Franzen Ryan Whitney 60 1 2 2
2 Jakob Silfverberg Kimmo Timonen 40 1 2 2
Penalty Kill 4 Players Forward
Center Wing Time % Phy DF OF
1 Patrice Bergeron Milan Lucic 60 1 2 2
2 Radek Bonk Brad Richards 40 1 2 2
Penalty Kill 4 Players Defense
Defense Defense Time % Phy DF OF
1 Cam Barker Mark Fistric 60 1 2 2
2 Matt Greene Ryan Whitney 40 1 2 2
Penalty Kill - 3 Players Forward
Forward Time % Phy DF OF
1 Radek Bonk 60 1 2 2
2 Johan Franzen 40 1 2 2
Penalty Kill - 3 Players Defense
Defense Defense Time % Phy DF OF
1 Cam Barker Mark Fistric 60 1 2 2
2 Matt Greene Alexei Emelin 40 1 2 2
4 vs 4 Forward
Center Wing Time % Phy DF OF
1 Brad Richards Alexandre Burrows 60 1 2 2
2 Patrice Bergeron Drew Stafford 40 1 2 2
4 vs 4 Defense
Defense Defense Time % Phy DF OF
1 Ryan Whitney Mark Fistric 60 1 2 2
2 Cam Barker Kimmo Timonen 40 1 2 2
Last Minutes Offensive
Center Left Wing Right Wing Defense Defense
Brad Richards Milan Lucic Patrice Bergeron Mike Cammalleri Kimmo Timonen
Last Minutes Defensive
Center Left Wing Right Wing Defense Defense
Radek Bonk Milan Lucic Patrice Bergeron Cam Barker Mark Fistric
Goaltenders
Starting : Hannu Toivonen
Backup : Henrik Lundqvist
Extra Forwards
Normal : Milan Lucic, Brad Richards, Patrice Bergeron - PP : Milan Lucic, Brad Richards - PK : Patrice Bergeron
Extra Defensemen
Normal : Mark Fistric, Cam Barker, Ryan Whitney - PP : Mark Fistric - PK : Kimmo Timonen, Cam Barker
Penalty Shots
Milan Lucic, Patrice Bergeron, Nathan Gerbe, Mike Cammalleri, Brad Richards
Penguins
5 vs 5 Forward
Center Left Wing Right Wing Time % Phy DF OF
1 Peter Forsberg Simon Gagné Darren Reid 40 1 2 2
2 Ryan Kesler Dustin Penner Nathan Horton 30 1 2 2
3 Steven Stamkos Steve Sullivan Bobby Ryan 20 1 2 2
4 Denis Arkhipov Peter Forsberg Brian McGrattan 10 1 2 2
5 vs 5 Defense
Defense Defense Time % Phy DF OF
1 Brooks Orpik Jay McKee 40 1 2 2
2 Brent Sopel Sean Zimmerman 30 1 2 2
3 Paul Ranger Luke Schenn 20 1 2 2
4 Dennis Seidenberg Brooks Orpik 10 1 2 2
PowerPlay Forward
Center Left Wing Right Wing Time % Phy DF OF
1 Peter Forsberg Simon Gagné Darren Reid 60 1 2 2
2 Ryan Kesler Dustin Penner Nathan Horton 40 1 2 2
PowerPlay Defense
Defense Defense Time % Phy DF OF
1 Brooks Orpik Jay McKee 60 1 2 2
2 Brent Sopel Sean Zimmerman 40 1 2 2
Penalty Kill 4 Players Forward
Center Wing Time % Phy DF OF
1 Peter Forsberg Ryan Kesler 60 1 2 2
2 Simon Gagné Dustin Penner 40 1 2 2
Penalty Kill 4 Players Defense
Defense Defense Time % Phy DF OF
1 Brooks Orpik Jay McKee 60 1 2 2
2 Brent Sopel Sean Zimmerman 40 1 2 2
Penalty Kill - 3 Players Forward
Forward Time % Phy DF OF
1 Peter Forsberg 60 1 2 2
2 Ryan Kesler 40 1 2 2
Penalty Kill - 3 Players Defense
Defense Defense Time % Phy DF OF
1 Brooks Orpik Jay McKee 60 1 2 2
2 Brent Sopel Sean Zimmerman 40 1 2 2
4 vs 4 Forward
Center Wing Time % Phy DF OF
1 Peter Forsberg Ryan Kesler 60 1 2 2
2 Simon Gagné Dustin Penner 40 1 2 2
4 vs 4 Defense
Defense Defense Time % Phy DF OF
1 Brooks Orpik Jay McKee 60 1 2 2
2 Brent Sopel Sean Zimmerman 40 1 2 2
Last Minutes Offensive
Center Left Wing Right Wing Defense Defense
Peter Forsberg Simon Gagné Darren Reid Brooks Orpik Jay McKee
Last Minutes Defensive
Center Left Wing Right Wing Defense Defense
Peter Forsberg Simon Gagné Darren Reid Brooks Orpik Jay McKee
Goaltenders
Starting : Brian Elliott
Backup : Josh Tordjman
Extra Forwards
Normal : Bobby Ryan, Steve Sullivan, Steven Stamkos - PP : Bobby Ryan, Steve Sullivan - PK : Steven Stamkos
Extra Defensemen
Normal : Paul Ranger, Luke Schenn, Dennis Seidenberg - PP : Paul Ranger - PK : Luke Schenn, Dennis Seidenberg
Penalty Shots
Peter Forsberg, Ryan Kesler, Simon Gagné, Dustin Penner, Darren Reid
% Time on Ice - Rangers
Lines # - Real PCT - Wanted PCT - Time Play
Normal Forward
1 - 36% - 40% - 17:53
2 - 25% - 30% - 12:35
3 - 20% - 20% - 9:55
4 - 19% - 10% - 9:42
Normal Defense
1 - 38% - 40% - 18:50
2 - 32% - 30% - 16:13
3 - 20% - 20% - 10:13
4 - 10% - 10% - 4:49
PP Forward
1 - 64% - 60% - 2:32
2 - 36% - 40% - 1:26
PP Defense
1 - 75% - 60% - 2:59
2 - 25% - 40% - 0:59
PK Forward
1 - 82% - 60% - 4:54
2 - 18% - 40% - 1:03
PK Defense
1 - 57% - 60% - 3:25
2 - 43% - 40% - 2:32
PK3 Forward
1 - 0% - 60%
2 - 0% - 40%
PK3 Defense
1 - 0% - 60%
2 - 0% - 40%
44 Forward
1 - 0% - 60%
2 - 0% - 40%
44 Defense
1 - 0% - 60%
2 - 0% - 40%
Last Minute Offensive - 0:00
Last Minute Defensive - 0:00
Total
Forward - 60:00
Defense - 60:00
|
% Time on Ice - Penguins
Lines # - Real PCT - Wanted PCT - Time Play
Normal Forward
1 - 32% - 40% - 16:05
2 - 29% - 30% - 14:43
3 - 23% - 20% - 11:38
4 - 15% - 10% - 7:39
Normal Defense
1 - 33% - 40% - 16:39
2 - 35% - 30% - 17:20
3 - 26% - 20% - 12:51
4 - 6% - 10% - 3:15
PP Forward
1 - 55% - 60% - 3:18
2 - 45% - 40% - 2:39
PP Defense
1 - 72% - 60% - 4:17
2 - 28% - 40% - 1:40
PK Forward
1 - 82% - 60% - 3:14
2 - 18% - 40% - 0:44
PK Defense
1 - 70% - 60% - 2:46
2 - 30% - 40% - 1:12
PK3 Forward
1 - 0% - 60%
2 - 0% - 40%
PK3 Defense
1 - 0% - 60%
2 - 0% - 40%
44 Forward
1 - 0% - 60%
2 - 0% - 40%
44 Defense
1 - 0% - 60%
2 - 0% - 40%
Last Minute Offensive - 0:00
Last Minute Defensive - 0:00
Total
Forward - 60:00
Defense - 60:00
|
Play by Play
1st period
0:01 of 1st period - Peter Forsberg wins face-off versus Brad Richards in neutral zone.
1:22 of 1st period - Wrist shot by Steven Stamkos.
1:22 of 1st period - Shot Misses the Net.
1:42 of 1st period - Wrist shot by Simon Gagné.
1:42 of 1st period - Shot Misses the Net.
2:14 of 1st period - Icing by Peter Forsberg.
2:15 of 1st period - Peter Forsberg wins face-off versus Radek Bonk in Penguins zone.
2:40 of 1st period - Nathan Horton is hit by Johan Franzen and loses puck.
3:03 of 1st period - Slapshot by Mike Cammalleri.
3:03 of 1st period - Stopped by Brian Elliott with a rebound.
3:05 of 1st period - Snap shot by Patrice Bergeron.
3:05 of 1st period - Stopped by Brian Elliott without a rebound.
3:06 of 1st period - Denis Arkhipov wins face-off versus Valtteri Filppula in Penguins zone.
3:33 of 1st period - Ryan Whitney is hit by Steven Stamkos and loses puck.
3:56 of 1st period - Wrist shot by Mike Cammalleri.
3:56 of 1st period - Shot Blocked by Nathan Horton.
4:09 of 1st period - Wrist shot by Darren Reid.
4:09 of 1st period - Deflect By Peter Forsberg.
4:09 of 1st period - Stopped by Hannu Toivonen with a rebound.
7:49 of 1st period - Bobby Ryan is hit by Alexandre Burrows and loses puck.
8:28 of 1st period - Cam Barker is hit by Brian McGrattan and loses puck.
9:14 of 1st period - Wrist shot by Valtteri Filppula.
9:14 of 1st period - Stopped by Brian Elliott without a rebound.
9:15 of 1st period - Brad Richards wins face-off versus Peter Forsberg in Penguins zone.
9:28 of 1st period - Wrist shot by Brad Richards.
9:28 of 1st period - Shot Misses the Net.
9:30 of 1st period - Snap shot by Brad Richards.
9:30 of 1st period - Shot Misses the Net.
9:47 of 1st period - Wrist shot by Steve Sullivan.
9:47 of 1st period - Shot Misses the Net.
11:23 of 1st period - Snap shot by Ryan Kesler.
11:23 of 1st period - Shot Misses the Net.
11:41 of 1st period - Wrist shot by Nathan Gerbe.
11:41 of 1st period - Deflect By Jay McKee.
11:41 of 1st period - Shot Blocked by Brooks Orpik.
11:41 of 1st period - Puck is out of play.
11:42 of 1st period - Radek Bonk wins face-off versus Denis Arkhipov in Penguins zone.
11:45 of 1st period - Slapshot by Nathan Gerbe.
11:45 of 1st period - Stopped by Brian Elliott with a rebound.
11:51 of 1st period - Brian McGrattan is hit by Radek Bonk and loses puck.
12:09 of 1st period - Brooks Orpik is hit by Nathan Gerbe and loses puck.
12:42 of 1st period - Nathan Horton is hit by Ryan Whitney and loses puck.
12:51 of 1st period - Slapshot by Ryan Whitney.
12:51 of 1st period - Stopped by Brian Elliott without a rebound.
12:52 of 1st period - Simon Gagné wins face-off versus Brad Richards in Penguins zone.
12:52 of 1st period - Simon Gagné is hit by Milan Lucic.
13:00 of 1st period - Wrist shot by Peter Forsberg.
13:00 of 1st period - Shot Misses the Net.
13:02 of 1st period - Snap shot by Darren Reid.
13:02 of 1st period - Stopped by Hannu Toivonen without a rebound.
13:03 of 1st period - Peter Forsberg wins face-off versus Brad Richards in Rangers zone.
13:04 of 1st period - Wrist shot by Simon Gagné.
13:04 of 1st period - Shot Misses the Net.
13:07 of 1st period - Icing by Brad Richards.
13:08 of 1st period - Simon Gagné wins face-off versus Brad Richards in Rangers zone.
13:16 of 1st period - Off-side.
13:17 of 1st period - Brad Richards wins face-off versus Peter Forsberg in neutral zone.
13:20 of 1st period - Slapshot by Cam Barker.
13:20 of 1st period - Stopped by Brian Elliott with a rebound.
13:22 of 1st period - Slapshot by Mark Fistric.
13:22 of 1st period - Stopped by Brian Elliott with a rebound.
13:28 of 1st period - Snap shot by Johan Franzen.
13:28 of 1st period - Stopped by Brian Elliott with a rebound.
13:30 of 1st period - Snap shot by Cam Barker.
13:30 of 1st period - Stopped by Brian Elliott without a rebound.
13:31 of 1st period - Peter Forsberg wins face-off versus Patrice Bergeron in Penguins zone.
13:31 of 1st period - Peter Forsberg is hit by Mike Cammalleri.
13:39 of 1st period - Wrist shot by Simon Gagné.
13:39 of 1st period - Stopped by Hannu Toivonen with a rebound.
13:44 of 1st period - Off-side.
13:45 of 1st period - Peter Forsberg wins face-off versus Brad Richards in neutral zone.
13:58 of 1st period - Snap shot by Peter Forsberg.
13:58 of 1st period - Shot Misses the Net.
14:00 of 1st period - Wrist shot by Simon Gagné.
14:00 of 1st period - Stopped by Hannu Toivonen with a rebound.
14:15 of 1st period - Snap shot by Patrice Bergeron.
14:15 of 1st period - Shot Misses the Net.
14:17 of 1st period - Snap shot by Mike Cammalleri.
14:17 of 1st period - Deflect By Bobby Ryan.
14:17 of 1st period - Stopped by Brian Elliott without a rebound.
14:18 of 1st period - Patrice Bergeron wins face-off versus Peter Forsberg in Penguins zone.
15:06 of 1st period - Snap shot by Bobby Ryan.
15:06 of 1st period - Stopped by Hannu Toivonen with a rebound.
15:13 of 1st period - Off-side.
15:14 of 1st period - Brad Richards wins face-off versus Peter Forsberg in neutral zone.
15:25 of 1st period - Wrist shot by Brad Richards.
15:25 of 1st period - Shot Misses the Net.
15:27 of 1st period - Minor Penalty to Darren Reid for High sticking.
15:28 of 1st period - Patrice Bergeron wins face-off versus Peter Forsberg in Penguins zone.
15:29 of 1st period - Snap shot by Milan Lucic.
15:29 of 1st period - Stopped by Brian Elliott with a rebound.
15:35 of 1st period - Snap shot by Patrice Bergeron.
15:35 of 1st period - Deflect By Milan Lucic.
15:35 of 1st period - Shot Misses the Net.
15:35 of 1st period - Puck is out of play.
15:36 of 1st period - Peter Forsberg wins face-off versus Patrice Bergeron in Penguins zone.
15:46 of 1st period - Off-side.
15:47 of 1st period - Patrice Bergeron wins face-off versus Peter Forsberg in neutral zone.
16:02 of 1st period - Backhand shot by Patrice Bergeron.
16:02 of 1st period - Stopped by Brian Elliott without a rebound.
16:03 of 1st period - Peter Forsberg wins face-off versus Patrice Bergeron in Penguins zone.
16:12 of 1st period - Snap shot by Peter Forsberg.
16:12 of 1st period - Stopped by Hannu Toivonen without a rebound.
16:13 of 1st period - Peter Forsberg wins face-off versus Drew Stafford in Rangers zone.
16:18 of 1st period - Snap shot by Ryan Kesler.
16:18 of 1st period - Stopped by Hannu Toivonen with a rebound.
16:20 of 1st period - Slapshot by Ryan Kesler.
16:20 of 1st period - Stopped by Hannu Toivonen with a rebound.
16:22 of 1st period - Wrist shot by Ryan Kesler.
16:22 of 1st period - Shot Misses the Net.
16:24 of 1st period - Snap shot by Peter Forsberg.
16:24 of 1st period - Stopped by Hannu Toivonen without a rebound.
16:25 of 1st period - Patrice Bergeron wins face-off versus Peter Forsberg in Rangers zone.
16:25 of 1st period - Patrice Bergeron is hit by Ryan Kesler.
17:23 of 1st period - Off-side.
17:24 of 1st period - Patrice Bergeron wins face-off versus Peter Forsberg in neutral zone.
17:27 of 1st period - Penalty to Darren Reid is over, Darren Reid is back on ice.
18:14 of 1st period - Slapshot by Patrice Bergeron.
18:14 of 1st period - Shot Blocked by Ryan Kesler.
18:50 of 1st period - Jakob Silfverberg is hit by Bobby Ryan and loses puck.
19:07 of 1st period - Snap shot by Milan Lucic.
19:07 of 1st period - Shot Misses the Net.
19:21 of 1st period - Snap shot by Milan Lucic.
19:21 of 1st period - Stopped by Brian Elliott with a rebound.
19:23 of 1st period - Snap shot by Brad Richards.
19:23 of 1st period - Shot Misses the Net.
19:25 of 1st period - Snap shot by Johan Franzen.
19:25 of 1st period - Deflect By Milan Lucic.
19:25 of 1st period - Shot Misses the Net.
19:25 of 1st period - Puck is out of play.
19:26 of 1st period - Peter Forsberg wins face-off versus Patrice Bergeron in Penguins zone.
19:31 of 1st period - Snap shot by Darren Reid.
19:31 of 1st period - Stopped by Hannu Toivonen without a rebound.
19:32 of 1st period - Peter Forsberg wins face-off versus Drew Stafford in Rangers zone.
19:43 of 1st period - Wrist shot by Mike Cammalleri.
19:43 of 1st period - Deflect By Darren Reid.
19:43 of 1st period - Shot Blocked by Darren Reid.
19:43 of 1st period - Puck is out of play.
19:44 of 1st period - Peter Forsberg wins face-off versus Patrice Bergeron in Penguins zone.
19:49 of 1st period - Slapshot by Jay McKee.
19:49 of 1st period - Stopped by Hannu Toivonen without a rebound.
19:50 of 1st period - Peter Forsberg wins face-off versus Patrice Bergeron in Rangers zone.
19:53 of 1st period - Slapshot by Simon Gagné.
19:53 of 1st period - Deflect By Darren Reid.
19:53 of 1st period - Goal by Darren Reid - Rangers : 0 - Penguins : 1.
19:54 of 1st period - Peter Forsberg wins face-off versus Brad Richards in neutral zone.
Goals for this period are 0 for Rangers vs 1 for Penguins.
Shots for this period are 13 for Rangers vs 12 for Penguins.
2nd period
0:01 of 2nd period - Brad Richards wins face-off versus Peter Forsberg in neutral zone.
0:10 of 2nd period - Snap shot by Milan Lucic.
0:10 of 2nd period - Stopped by Brian Elliott with a rebound.
0:12 of 2nd period - Snap shot by Brad Richards.
0:12 of 2nd period - Shot Blocked by Darren Reid.
0:16 of 2nd period - Wrist shot by Milan Lucic.
0:16 of 2nd period - Shot Misses the Net.
1:53 of 2nd period - Brian McGrattan is hit by Milan Lucic and loses puck.
2:16 of 2nd period - Wrist shot by Peter Forsberg.
2:16 of 2nd period - Shot Misses the Net.
2:33 of 2nd period - Off-side.
2:34 of 2nd period - Patrice Bergeron wins face-off versus Ryan Kesler in neutral zone.
2:47 of 2nd period - Wrist shot by Drew Stafford.
2:47 of 2nd period - Stopped by Brian Elliott with a rebound.
2:49 of 2nd period - Snap shot by Mike Cammalleri.
2:49 of 2nd period - Shot Misses the Net.
3:21 of 2nd period - Jakob Silfverberg is hit by Steve Sullivan and loses puck.
3:26 of 2nd period - Slapshot by Steven Stamkos.
3:26 of 2nd period - Stopped by Hannu Toivonen without a rebound.
3:27 of 2nd period - Patrice Bergeron wins face-off versus Bobby Ryan in Rangers zone.
4:16 of 2nd period - Snap shot by Nathan Gerbe.
4:16 of 2nd period - Stopped by Brian Elliott with a rebound.
4:29 of 2nd period - Off-side.
4:30 of 2nd period - Steven Stamkos wins face-off versus Brad Richards in neutral zone.
4:48 of 2nd period - Wrist shot by Milan Lucic.
4:48 of 2nd period - Shot Blocked by Brent Sopel.
4:50 of 2nd period - Wrist shot by Brad Richards.
4:50 of 2nd period - Shot Misses the Net.
4:52 of 2nd period - Wrist shot by Johan Franzen.
4:52 of 2nd period - Shot Blocked by Sean Zimmerman.
5:18 of 2nd period - Snap shot by Brad Richards.
5:18 of 2nd period - Shot Misses the Net.
5:20 of 2nd period - Slapshot by Brad Richards.
5:20 of 2nd period - Stopped by Brian Elliott with a rebound.
5:22 of 2nd period - Wrist shot by Brad Richards.
5:22 of 2nd period - Stopped by Brian Elliott with a rebound.
5:24 of 2nd period - Slapshot by Mark Fistric.
5:24 of 2nd period - Stopped by Brian Elliott with a rebound.
5:38 of 2nd period - Wrist shot by Milan Lucic.
5:38 of 2nd period - Shot Misses the Net.
5:40 of 2nd period - Wrist shot by Johan Franzen.
5:40 of 2nd period - Shot Misses the Net.
5:44 of 2nd period - Snap shot by Milan Lucic.
5:44 of 2nd period - Shot Blocked by Brent Sopel.
5:46 of 2nd period - Slapshot by Matt Greene.
5:46 of 2nd period - Shot Blocked by Steve Sullivan.
5:48 of 2nd period - Snap shot by Cam Barker.
5:48 of 2nd period - Deflect By Brad Richards.
5:48 of 2nd period - Shot Misses the Net.
5:48 of 2nd period - Puck is out of play.
5:49 of 2nd period - Patrice Bergeron wins face-off versus Peter Forsberg in Penguins zone.
5:53 of 2nd period - Snap shot by Mike Cammalleri.
5:53 of 2nd period - Stopped by Brian Elliott with a rebound.
5:55 of 2nd period - Wrist shot by Patrice Bergeron.
5:55 of 2nd period - Stopped by Brian Elliott without a rebound.
5:56 of 2nd period - Patrice Bergeron wins face-off versus Simon Gagné in Penguins zone.
6:43 of 2nd period - Paul Ranger is hit by Nathan Gerbe and loses puck.
6:52 of 2nd period - Snap shot by Nathan Gerbe.
6:52 of 2nd period - Shot Misses the Net.
7:02 of 2nd period - Mike Cammalleri is hit by Luke Schenn and loses puck.
7:42 of 2nd period - Wrist shot by Drew Stafford.
7:42 of 2nd period - Shot Misses the Net.
7:44 of 2nd period - Slapshot by Patrice Bergeron.
7:44 of 2nd period - Shot Misses the Net.
8:21 of 2nd period - Darren Reid is hit by Radek Bonk and loses puck.
8:32 of 2nd period - Simon Gagné is hit by Milan Lucic.
8:38 of 2nd period - Milan Lucic is hit by Paul Ranger and loses puck.
8:45 of 2nd period - Wrist shot by Darren Reid.
8:45 of 2nd period - Shot Blocked by Brad Richards.
8:47 of 2nd period - Slapshot by Jay McKee.
8:47 of 2nd period - Deflect By Steve Sullivan.
8:47 of 2nd period - Shot Hit the Post.
8:47 of 2nd period - Puck is out of play.
8:48 of 2nd period - Patrice Bergeron wins face-off versus Ryan Kesler in Rangers zone.
9:15 of 2nd period - Sean Zimmerman is hit by Cam Barker and loses puck.
9:40 of 2nd period - Snap shot by Milan Lucic.
9:40 of 2nd period - Deflect By Johan Franzen.
9:40 of 2nd period - Stopped by Brian Elliott without a rebound.
9:41 of 2nd period - Steven Stamkos wins face-off versus Patrice Bergeron in Penguins zone.
9:55 of 2nd period - Minor Penalty to Ryan Whitney for High sticking.
9:56 of 2nd period - Patrice Bergeron wins face-off versus Peter Forsberg in Rangers zone.
11:55 of 2nd period - Penalty to Ryan Whitney is over, Ryan Whitney is back on ice.
12:39 of 2nd period - Brent Sopel is hit by Johan Franzen.
13:01 of 2nd period - Ryan Kesler is hit by Jakob Silfverberg and loses puck.
14:11 of 2nd period - Denis Arkhipov is hit by Nathan Gerbe and loses puck.
14:44 of 2nd period - Wrist shot by Mike Cammalleri.
14:44 of 2nd period - Shot Misses the Net.
15:35 of 2nd period - Nathan Horton is hit by Valtteri Filppula and loses puck.
15:46 of 2nd period - Jay McKee is hit by Radek Bonk and loses puck.
16:44 of 2nd period - Wrist shot by Milan Lucic.
16:44 of 2nd period - Shot Blocked by Steve Sullivan.
16:46 of 2nd period - Slapshot by Kimmo Timonen.
16:46 of 2nd period - Stopped by Brian Elliott with a rebound.
17:07 of 2nd period - Brooks Orpik is hit by Matt Read and loses puck.
17:18 of 2nd period - Ryan Kesler is hit by Radek Bonk and loses puck.
18:01 of 2nd period - Slapshot by Milan Lucic.
18:01 of 2nd period - Goal by Milan Lucic - Rangers : 1 - Penguins : 1.
18:02 of 2nd period - Brad Richards wins face-off versus Ryan Kesler in neutral zone.
18:09 of 2nd period - Snap shot by Dustin Penner.
18:09 of 2nd period - Stopped by Hannu Toivonen without a rebound.
18:10 of 2nd period - Ryan Kesler wins face-off versus Brad Richards in Rangers zone.
18:22 of 2nd period - Off-side.
18:23 of 2nd period - Peter Forsberg wins face-off versus Brad Richards in neutral zone.
18:25 of 2nd period - Off-side.
18:26 of 2nd period - Peter Forsberg wins face-off versus Brad Richards in neutral zone.
18:26 of 2nd period - Peter Forsberg is hit by Milan Lucic.
18:32 of 2nd period - Slapshot by Simon Gagné.
18:32 of 2nd period - Stopped by Hannu Toivonen with a rebound.
19:16 of 2nd period - Off-side.
19:17 of 2nd period - Brad Richards wins face-off versus Peter Forsberg in neutral zone.
19:32 of 2nd period - Snap shot by Milan Lucic.
19:32 of 2nd period - Stopped by Brian Elliott with a rebound.
Goals for this period are 1 for Rangers vs 0 for Penguins.
Shots for this period are 12 for Rangers vs 3 for Penguins.
3rd period
0:01 of 3rd period - Brad Richards wins face-off versus Peter Forsberg in neutral zone.
0:03 of 3rd period - Minor Penalty to Johan Franzen for Delaying the game.
0:04 of 3rd period - Peter Forsberg wins face-off versus Patrice Bergeron in Rangers zone.
0:04 of 3rd period - Snap shot by Darren Reid.
0:04 of 3rd period - Shot Misses the Net.
0:06 of 3rd period - Slapshot by Darren Reid.
0:06 of 3rd period - Deflect By Simon Gagné.
0:06 of 3rd period - Shot Misses the Net.
0:06 of 3rd period - Puck is out of play.
0:07 of 3rd period - Peter Forsberg wins face-off versus Patrice Bergeron in Rangers zone.
0:12 of 3rd period - Wrist shot by Peter Forsberg.
0:12 of 3rd period - Shot Blocked by Cam Barker.
0:14 of 3rd period - Snap shot by Peter Forsberg.
0:14 of 3rd period - Stopped by Hannu Toivonen without a rebound.
0:15 of 3rd period - Darren Reid wins face-off versus Patrice Bergeron in Rangers zone.
0:16 of 3rd period - Wrist shot by Peter Forsberg.
0:16 of 3rd period - Stopped by Hannu Toivonen with a rebound.
1:06 of 3rd period - Milan Lucic is hit by Simon Gagné and loses puck.
1:19 of 3rd period - Radek Bonk is hit by Brent Sopel and loses puck.
2:03 of 3rd period - Penalty to Johan Franzen is over, Johan Franzen is back on ice.
2:26 of 3rd period - Bobby Ryan is hit by Alexei Emelin.
2:42 of 3rd period - Denis Arkhipov is hit by Brad Richards and loses puck.
2:54 of 3rd period - Off-side.
2:55 of 3rd period - Steven Stamkos wins face-off versus Radek Bonk in neutral zone.
3:07 of 3rd period - Snap shot by Nathan Gerbe.
3:07 of 3rd period - Deflect By Steven Stamkos.
3:07 of 3rd period - Stopped by Brian Elliott without a rebound.
3:08 of 3rd period - Patrice Bergeron wins face-off versus Ryan Kesler in Penguins zone.
3:16 of 3rd period - Icing by Brooks Orpik.
3:17 of 3rd period - Patrice Bergeron wins face-off versus Ryan Kesler in Penguins zone.
3:32 of 3rd period - Wrist shot by Drew Stafford.
3:32 of 3rd period - Shot Misses the Net.
3:34 of 3rd period - Slapshot by Mike Cammalleri.
3:34 of 3rd period - Deflect By Drew Stafford.
3:34 of 3rd period - Shot Misses the Net.
3:34 of 3rd period - Puck is out of play.
3:35 of 3rd period - Brad Richards wins face-off versus Peter Forsberg in Penguins zone.
3:38 of 3rd period - Wrist shot by Milan Lucic.
3:38 of 3rd period - Stopped by Brian Elliott with a rebound.
3:40 of 3rd period - Wrist shot by Milan Lucic.
3:40 of 3rd period - Shot Blocked by Brooks Orpik.
3:42 of 3rd period - Snap shot by Milan Lucic.
3:42 of 3rd period - Stopped by Brian Elliott without a rebound.
3:43 of 3rd period - Peter Forsberg wins face-off versus Brad Richards in Penguins zone.
3:49 of 3rd period - Off-side.
3:50 of 3rd period - Peter Forsberg wins face-off versus Brad Richards in neutral zone.
3:53 of 3rd period - Snap shot by Peter Forsberg.
3:53 of 3rd period - Shot Blocked by Brad Richards.
4:54 of 3rd period - Darren Reid is hit by Matt Greene and loses puck.
4:58 of 3rd period - Icing by Darren Reid.
4:59 of 3rd period - Johan Franzen wins face-off versus Peter Forsberg in Penguins zone.
6:03 of 3rd period - Brooks Orpik is hit by Johan Franzen and loses puck.
6:18 of 3rd period - Snap shot by Sean Zimmerman.
6:18 of 3rd period - Deflect By Nathan Gerbe.
6:18 of 3rd period - Goal by Sean Zimmerman - Rangers : 1 - Penguins : 2.
6:19 of 3rd period - Peter Forsberg wins face-off versus Brad Richards in neutral zone.
7:25 of 3rd period - Alexandre Burrows is hit by Denis Arkhipov and loses puck.
7:47 of 3rd period - Minor Penalty to Luke Schenn for Hooking.
7:48 of 3rd period - Peter Forsberg wins face-off versus Patrice Bergeron in Penguins zone.
8:03 of 3rd period - Snap shot by Johan Franzen.
8:03 of 3rd period - Shot Blocked by Ryan Kesler.
8:13 of 3rd period - Peter Forsberg is hit by Brad Richards and loses puck.
9:47 of 3rd period - Penalty to Luke Schenn is over, Luke Schenn is back on ice.
10:09 of 3rd period - Slapshot by Sean Zimmerman.
10:09 of 3rd period - Shot Misses the Net.
10:38 of 3rd period - Minor Penalty to Johan Franzen for Interference.
10:39 of 3rd period - Patrice Bergeron wins face-off versus Ryan Kesler in Rangers zone.
11:11 of 3rd period - Slapshot by Peter Forsberg.
11:11 of 3rd period - Stopped by Hannu Toivonen with a rebound.
12:38 of 3rd period - Penalty to Johan Franzen is over, Johan Franzen is back on ice.
14:39 of 3rd period - Luke Schenn is hit by Alexandre Burrows and loses puck.
15:09 of 3rd period - Snap shot by Drew Stafford.
15:09 of 3rd period - Shot Misses the Net.
15:23 of 3rd period - Luke Schenn is hit by Johan Franzen and loses puck.
15:43 of 3rd period - Wrist shot by Ryan Kesler.
15:43 of 3rd period - Shot Blocked by Drew Stafford.
15:49 of 3rd period - Slapshot by Nathan Horton.
15:49 of 3rd period - Stopped by Hannu Toivonen with a rebound.
15:51 of 3rd period - Wrist shot by Ryan Kesler.
15:51 of 3rd period - Stopped by Hannu Toivonen with a rebound.
15:53 of 3rd period - Backhand shot by Paul Ranger.
15:53 of 3rd period - Stopped by Hannu Toivonen with a rebound.
15:57 of 3rd period - Wrist shot by Ryan Kesler.
15:57 of 3rd period - Goal by Ryan Kesler - Rangers : 1 - Penguins : 3.
15:58 of 3rd period - Peter Forsberg wins face-off versus Valtteri Filppula in neutral zone.
16:46 of 3rd period - Snap shot by Drew Stafford.
16:46 of 3rd period - Shot Misses the Net.
16:56 of 3rd period - Snap shot by Simon Gagné.
16:56 of 3rd period - Shot Blocked by Cam Barker.
16:58 of 3rd period - Slapshot by Sean Zimmerman.
16:58 of 3rd period - Shot Blocked by Mark Fistric.
17:00 of 3rd period - Slapshot by Sean Zimmerman.
17:00 of 3rd period - Stopped by Hannu Toivonen without a rebound.
17:01 of 3rd period - Steven Stamkos wins face-off versus Radek Bonk in Rangers zone.
17:32 of 3rd period - Snap shot by Alexandre Burrows.
17:32 of 3rd period - Shot Misses the Net.
17:42 of 3rd period - Valtteri Filppula is hit by Jay McKee and loses puck.
18:15 of 3rd period - Kimmo Timonen is hit by Steven Stamkos and loses puck.
19:36 of 3rd period - Slapshot by Matt Greene.
19:36 of 3rd period - Shot Misses the Net.
19:40 of 3rd period - Snap shot by Drew Stafford.
19:40 of 3rd period - Shot Misses the Net.
19:50 of 3rd period - Darren Reid is hit by Drew Stafford.
Goals for this period are 0 for Rangers vs 2 for Penguins.
Shots for this period are 3 for Rangers vs 9 for Penguins.
Output by the SimonT Hockey Simulator (STHS) for François Prévost -- Original Page W3C XHTML 1.0 Valid